 Dungeon Crawl Stone Soup version 0.30-a0-1112-gfb780f5df6 (webtiles) character file.

Game seed: 5845105412927604425

13180 scionoferis the Slicer (level 12, -10/65 HPs)
             Began as a Vine Stalker Fighter on Apr 19, 2023.
             Was a Believer of Uskayaw.
             Mangled by Snorg (14 damage)
             ... on level 11 of the Dungeon.
             The game lasted 00:39:44 (9244 turns).

scionoferis the Slicer (Vine Stalker Fighter)       Turns: 9244, Time: 00:39:44

Health: -10/65     AC: 21    Str: 23    XL:     12   Next: 3%
Magic:  0/19       EV: 10    Int:  8    God:    Uskayaw [**....]
Gold:   754        SH:  5    Dex: 15    Spells: 11/11 levels left

rFire   . . .      SeeInvis .    a - +2 short sword (protect)
rCold   . . .      Faith    .    c - +0 buckler
rNeg    . . .      Spirit   +    P - +0 chain mail {rPois}
rPois   +          Reflect  .    (no helmet)
rElec   .          Rampage  .    O - +1 cloak
rCorr   .                        (no gloves)
Will    +++..                    m - +1 pair of boots Stlth
                                 t - amulet of regeneration
HPRegen 1.90/turn                d - ring of willpower
MPRegen 0.16/turn                S - ring of willpower

@: under a protective aura
A: fangs 3, regeneration 1, magic shield, antimagic bite, no potion heal 2
a: Renounce Religion, Stomp, Line Pass


You were on level 11 of the Dungeon.
You worshipped Uskayaw.
Uskayaw was aware of your devotion.
You visited 2 branches of the dungeon, and saw 12 of its levels.

You collected 754 gold pieces.


Innate Abilities, Weirdness & Mutations

You have razor-sharp teeth.
Your natural rate of healing is unusually fast.
When hurt, damage is shared between your health and your magic reserves.
Your bite disrupts and absorbs the magic of your enemies.
Potions cannot restore your health.


   Skills:
 + Level 8.5 Fighting
 - Level 10.0 Short Blades
 + Level 4.8 Armour
 + Level 4.0 Dodging
 + Level 5.6 Stealth
 - Level 5.0 Shields
 + Level 8.9 Invocations
 + Level 1.7 Evocations


You had 11 spell levels left.
You didn't know any spells.
Your spell library contained the following spells:

 Spells                   Type           Power      Damage    Failure   Level
 Shock                    Conj/Air       0%         1d3       97%         1
 Sting                    Tmut/Pois      0%         1d3       97%         1
 Poisonous Vapours        Pois/Air       0%         N/A       99%         2
 Portal Projectile        Hex/Tloc       0%         N/A       100%        3
 Swiftness                Air            0%         N/A       100%        3
 Tukima's Dance           Hex            0%         N/A       100%        3
 Airstrike                Air            0%         2d(0-16)  100%        4
 Olgreb's Toxic Radiance  Pois           0%         N/A       100%        4
 Passage of Golubria      Tloc           0%         N/A       100%        4
 Blade Hands              Tmut           0%         N/A       100%        5
 Silence                  Hex/Air        0%         N/A       100%        5
 Summon Forest            Summ/Tloc      0%         N/A       100%        5
 Summon Mana Viper        Hex/Summ       0%         N/A       100%        5
 Summon Cactus Giant      Summ           0%         N/A       100%        6
 Lehudib's Crystal Spear  Conj/Erth      0%         10d2      100%        8

Inventory:

Hand Weapons
 a - a +2 short sword of protection (weapon)
   (You took it off a kobold on level 1 of the Dungeon)
 D - a +2 dagger of flaming
   (You found it on level 5 of the Dungeon)
 Q - a +2 short sword of freezing
   (You took it off a wight on level 8 of the Dungeon)
Missiles
 h - 4 javelins
 E - 2 curare-tipped darts
 M - 11 poisoned darts (quivered)
Armour
 c - a +0 buckler (worn)
 m - a +1 pair of boots (worn)
   (You found it on level 6 of the Dungeon)
 I - a +2 leather armour of cold resistance
   (You found it on level 6 of the Dungeon)
 O - a +1 cloak (worn)
   (You took it off Crazy Yiuf on level 7 of the Dungeon)
 P - a +0 chain mail of poison resistance (worn)
   (You took it off an orc on level 8 of the Dungeon)
Jewellery
 d - a ring of willpower (left hand)
   (You found it on level 11 of the Dungeon)
 p - a ring of wizardry
   (You found it on level 3 of the Dungeon)
 t - an amulet of regeneration (around neck)
   (You found it on level 3 of the Dungeon)
 S - a ring of willpower (right hand)
   (You found it on level 10 of the Dungeon)
Wands
 g - a wand of polymorph (1)
   (You found it on level 10 of the Dungeon)
 v - a wand of flame (26)
   (You took it off a hobgoblin on level 4 of the Dungeon)
 G - a wand of digging (9)
   (You found it on level 6 of the Dungeon)
 N - a wand of acid (16)
   (You found it on level 7 of the Dungeon)
 T - a wand of iceblast (1)
   (You found it on level 10 of the Dungeon)
Scrolls
 b - 3 scrolls of enchant armour {unknown}
 j - a scroll of poison
 q - 2 scrolls of immolation
 s - a scroll of teleportation
 u - 2 scrolls of vulnerability
 y - 2 scrolls of brand weapon
 B - a scroll of amnesia {unknown}
 C - a scroll of enchant weapon {unknown}
 K - a scroll of silence {unknown}
 L - a scroll of blinking {unknown}
Potions
 e - 6 potions of curing
 f - 2 potions of resistance {unknown}
 i - 2 potions of lignification {unknown}
 l - 2 potions of flight {unknown}
 n - 3 potions of brilliance {unknown}
 o - 2 potions of ambrosia {unknown}
 r - 6 potions of heal wounds {unknown}
 w - 2 potions of degeneration {unknown}
 x - a potion of berserk rage {unknown}
 z - a potion of attraction {unknown}
 A - 3 potions of haste {unknown}
 H - a potion of cancellation {unknown}
 R - a potion of magic {unknown}

Dungeon Overview and Level Annotations

Branches:
Dungeon (11/15)            Temple (1/1) D:7            Lair (0/5) D:10
    Orc (0/2) D:11

Altars:
Ashenzari
Cheibriados
Dithmenos
Elyvilon
Fedhas
Gozag
Hepliaklqana
Kikubaaqudgha
Makhleb
Nemelex Xobeh
Okawaru
Qazlal
Ru
Sif Muna
Trog
Uskayaw
Vehumet
Wu Jian
Xom
Yredelemnul
Zin
The Shining One

Shops:
D:5 =   D:9 *

Annotations:
D:7 2 transporters, hwolsky's ghost, novice MiFi
D:11 Snorg

#... ##.## ... # ###...## #...
.## ##......# .##(.. ..#
##.......# ..(((.##.## #....#####
#..(....###....#...#
#..(...##.........#
#...T..#....##....##
#.####@'####..#.....#
##~~~..~~~#####..##### ......#.
##~~~~..~~~~##.#....#.. .....>..
##~~~~~..~~~~~##.......#
#.......##~~~~~~..~~~~~~##....###
#......##~~~~~~~..~~~~~~~###.##
.......#~~~~~~~~..~~~~~~~~##.##
#......#~~~~~~~~..~~~~~~~~#...###
#......#~~~~†~~⌠..⌠~~~~~~~#.....#


You could see Snorg (berserk, very poisoned).


Message History

Your bite misses the gnoll sergeant.
The gnoll sergeant is moderately wounded.
The gnoll sergeant hits you with a +0 spear.
You hit the gnoll sergeant but do no damage.
You bite the gnoll sergeant. You drain its power.
You feel invigorated.
The gnoll sergeant is heavily wounded.
You hit the gnoll sergeant but do no damage.
You bite the gnoll sergeant, but do no damage.
The gnoll sergeant is heavily wounded.
The gnoll sergeant hits you but does no damage.
You hit the gnoll sergeant but do no damage.
Your bite misses the gnoll sergeant.
The gnoll sergeant is moderately wounded.
You barely miss the gnoll sergeant. Your bite misses the gnoll sergeant.
The gnoll sergeant is moderately wounded.
The gnoll sergeant barely misses you. The gnoll sergeant blocks your attack.
You bite the gnoll sergeant, but do no damage.
The gnoll sergeant is moderately wounded.
You completely miss the gnoll sergeant.
The gnoll sergeant is moderately wounded.
The gnoll sergeant barely misses you.
You hit the gnoll sergeant but do no damage.
You bite the gnoll sergeant, but do no damage.
The gnoll sergeant is moderately wounded.
You hear a shout! x5
You hit the gnoll sergeant.
The gnoll sergeant is heavily wounded.
The gnoll sergeant hits you but does no damage.
A gnoll comes into view. It is wielding a +0 spear.
You hit the gnoll sergeant.
You bite the gnoll sergeant, but do no damage.
The gnoll sergeant is severely wounded.
You hit the gnoll sergeant but do no damage.
You bite the gnoll sergeant. You drain its power.
The gnoll sergeant is almost dead.
You block the gnoll sergeant's attack. The gnoll completely misses you.
You hit the gnoll sergeant but do no damage.
The gnoll sergeant is almost dead.
You barely miss the gnoll sergeant.
The gnoll sergeant is almost dead.
The gnoll sergeant hits you but does no damage.
You block the gnoll's attack.
You hit the gnoll sergeant.
You kill the gnoll sergeant!
The gnoll hits you from afar with a +0 spear.
Your life force feels restored. 2 gnolls come into view.
A gnoll is wielding a +2 whip of electrocution.
The gnoll shouts!
You hear a shout! x3
The gnoll closely misses you.
A gnoll comes into view. It is wielding a +0 club.
The gnoll hits you but does no damage.
There is an open door, spattered with blood here.
Things that are here:
a +0 spear; a +0 scale mail; a +0 buckler You hit the gnoll.
The gnoll is lightly wounded.
You hit the gnoll.
The gnoll is heavily wounded.
The gnoll barely misses you. The gnoll hits you with a +0 flail!
You can now pass through a line of other dancers.
You hit the gnoll. You bite the gnoll.
You kill the gnoll!
You barely miss the gnoll. You bite the gnoll. You drain its power.
You feel invigorated.
The gnoll is heavily wounded.
A gnoll comes into view. It is wielding a +0 club.
You block the gnoll's attack. The gnoll attacks as you move away!
The gnoll barely misses you.
You closely miss the gnoll. You hit the gnoll.
The gnoll is moderately wounded.
The gnoll hits you but does no damage.
You are electrocuted!
You hit the gnoll.
The gnoll is moderately wounded.
You hit the gnoll.
The gnoll is heavily wounded.
You hit the gnoll. You bite the gnoll.
You kill the gnoll!
You hit the gnoll. You bite the gnoll. You drain its power.
You feel invigorated.
The gnoll is severely wounded.
You hit the gnoll. Your bite misses the gnoll.
The gnoll is almost dead.
You hit the gnoll.
You kill the gnoll!
You hit the gnoll.
The gnoll is moderately wounded.
You hit the gnoll but do no damage. The gnoll hits you with a +0 club.
The gnoll completely misses you.
You hit the gnoll but do no damage. You bite the gnoll!
You kill the gnoll!
You barely miss the gnoll.
The gnoll is moderately wounded.
The gnoll barely misses you.
You hit the gnoll. Your bite misses the gnoll.
The gnoll is heavily wounded.
You hit the gnoll. Your bite misses the gnoll.
The gnoll is severely wounded.
You block the gnoll's attack.
Uskayaw will force your foes to helplessly watch your dance.
Uskayaw prepares the audience for your solo!
The helpless gnoll fails to defend itself.
You skewer the gnoll like a kebab!!!
You kill the gnoll!
An orc comes into view. It is wielding a +2 heavy hand axe.
The orc shouts!
You hear a shout! x2
Items here: ))) †.
You hit the orc.
The orc is heavily wounded.
The orc hits you but does no damage.
You hit the orc but do no damage. You bite the orc, but do no damage.
The orc is heavily wounded.
You hit the orc.
You kill the orc!
Items here: ))) †.
q - 2 scrolls of immolation (gained 1)
There is an open door, spattered with blood here.
Items here: ))) [[[ †.
You see here a +0 spear.
An orc warrior, an orc and an orc wizard come into view.
The orc warrior shouts!
The orc shouts!
The orc wizard shouts!
An orc priest comes into view. It is wielding a +0 club.
The orc wizard moves out of view.
There is an open door, spattered with blood here.
Items here: ))) [[[ †.
You start waiting.
An orc warrior is nearby!
You hit the orc warrior but do no damage.
Your weapon exudes an aura of protection.
You bite the orc warrior. You drain its power.
The orc warrior is lightly wounded.
You hit the orc warrior. You bite the orc warrior. You drain its power.
The orc warrior is lightly wounded.
You barely miss the orc warrior. You bite the orc warrior! You drain its power.
The orc warrior is heavily wounded.
You hit the orc warrior but do no damage.
The orc warrior is heavily wounded.
The orc warrior hits you but does no damage.
You hit the orc warrior.
You bite the orc warrior, but do no damage.
The orc warrior is heavily wounded.
The orc hits you but does no damage.
The orc warrior hits you with a +0 war axe.
You can now pass through a line of other dancers.
You puncture the orc warrior!
The orc warrior is almost dead.
You hit the orc warrior but do no damage.
You bite the orc warrior.
You kill the orc warrior!
You hit the orc.
The orc is almost dead.
You hit the orc.
You kill the orc!
The orc wizard hits you but does no damage.
You hit the orc wizard.
The orc wizard is moderately wounded.
Uskayaw will force your foes to helplessly watch your dance.
You hit the orc wizard but do no damage.
You bite the orc wizard!
You kill the orc wizard!
The orc priest shouts!
You block the orc priest's attack.
There is an open door, spattered with blood here.
Items here: )))) [[[[ †.
You hit the orc priest.
You bite the orc priest, but do no damage.
The orc priest is lightly wounded.
You closely miss the orc priest. You bite the orc priest! You drain its power.
The orc priest is severely wounded.
You block the orc priest's attack.
Uskayaw will force your foes to share their pain.
You hit the orc priest. Your bite misses the orc priest.
The orc priest is severely wounded.
You closely miss the orc priest.
You bite the orc priest, but do no damage.
The orc priest is severely wounded.
The orc priest hits you but does no damage.
You closely miss the orc priest. You bite the orc priest.
You kill the orc priest!
Items here: )) [ †.
There is an open door, spattered with blood here.
Items here: )))) [[[[ †.
Items here: ))))) [ ††.
Items here: ))))) [ ††.
There is an open door, spattered with blood here.
Items here: )))) [[[[ †.
Done exploring.
Done exploring.
Search for what [Enter for "d:", or ? for help]? d: Unknown command.
Done exploring.
You open the door.
There is an open door here.
There is a staircase to the Lair here.
You drop +0 acid dragon scales.
You drop a +0 rapier.
You drop an amulet of magic regeneration.
You drop a scarf of repulsion.
You drop a +3 vampiric dagger.
There is a staircase to the Lair here.
You hit the troll.
Your weapon exudes an aura of protection.
The troll is lightly wounded.
The troll bites you. The troll barely misses you. The troll misses you.
You barely miss the troll.
The troll is lightly wounded.
You hit the troll. Your bite misses the troll.
The troll is lightly wounded.
The troll barely misses you. The troll closely misses you. x2
You barely miss the troll. You bite the troll! You drain its power.
You feel invigorated.
The troll is moderately wounded.
You hit the troll.
The troll is moderately wounded.
The troll closely misses you. The troll claws you.
The troll claws you but does no damage.
You hit the troll. You bite the troll! You drain its power.
The troll is heavily wounded.
You block the troll's attack. The troll claws you but does no damage.
The troll closely misses you.
You can now pass through a line of other dancers.
You hit the troll.
The troll is heavily wounded.
You hit the troll.
The troll is severely wounded.
The troll bites you but does no damage. The troll claws you.
The troll claws you but does no damage.
You hit the troll but do no damage. You bite the troll, but do no damage.
The troll is severely wounded.
You hit the troll. You bite the troll, but do no damage.
The troll is severely wounded.
You block the troll's attack. x2; The troll claws you.
You hit the troll but do no damage. Your bite misses the troll.
The troll is severely wounded.
You hit the troll. Your bite misses the troll.
The troll is severely wounded.
The troll bites you but does no damage. The troll barely misses you.
The troll claws you but does no damage.
You barely miss the troll. You bite the troll! You drain its power.
You feel invigorated.
The troll is almost dead.
The troll bites you. The troll closely misses you. x2
You hit the troll.
You kill the troll!
Uskayaw will force your foes to helplessly watch your dance.
You enter the shallow water.
Moving in this stuff is going to be slow.
You see here a troll corpse.
HP restored.
Done exploring.
There is a stone staircase leading up here.
There is a stone staircase leading down here.
You climb downwards.
Found a scimitar.
There is a stone staircase leading up here.
Found 2 stones.
A yak comes into view.
Found 20 gold pieces.
The yak bellows!
You hear a bellow! x2
A yak comes into view.
A troll comes into view.
The troll shouts!
You hit the yak but do no damage.
Your weapon exudes an aura of protection.
You hit the yak. Your bite misses the yak.
The yak is lightly wounded.
The yak closely misses you.
You hit the yak.
The yak is moderately wounded.
You barely miss the yak. Your bite misses the yak.
The yak is moderately wounded.
The yak gores you but does no damage.
You completely miss the yak. You bite the yak, but do no damage.
The yak is moderately wounded.
You hit the yak but do no damage. You bite the yak. You drain its power.
The yak is heavily wounded.
You block the yak's attack.
You hit the yak.
The yak is heavily wounded.
You can now pass through a line of other dancers.
You closely miss the yak. You bite the yak! You drain its power.
The yak is almost dead.
The yak gores you.
You hit the yak. You bite the yak.
You kill the yak!
A yak comes into view.
You hit the yak.
The yak is lightly wounded.
A yak comes into view.
The yak gores you.
The yak bellows!
You hit the yak. You bite the yak. You drain its power.
You feel invigorated.
The yak is moderately wounded.
Uskayaw will force your foes to helplessly watch your dance.
Uskayaw prepares the audience for your solo!
The helpless yak fails to defend itself.
You skewer the yak like a kebab!!!
You kill the yak!
The yak is no longer paralysed. x2; The troll is no longer paralysed.
The troll bites you but does no damage. You block the troll's attack.
The troll claws you but does no damage.
The yak gores you but does no damage. x2
Uskayaw prepares the audience for your solo!
You see here a yak corpse.
The helpless troll fails to defend itself.
You stick the troll like a pincushion!!!
You kill the troll!
Uskayaw will force your foes to share their pain.
Uskayaw links your audience in an emotional bond!
Your Stealth skill increases to level 5!
The helpless yak fails to defend itself.
You impale the yak!!
You kill the yak!
The helpless yak fails to defend itself.
You impale the yak!!
You kill the yak!
You can now merge with and destroy a victim.
You now have 700 gold pieces (gained 20).
Found a leather armour.
You now have 717 gold pieces (gained 17).
d - a ring of willpower Unknown command.
You're wearing all the rings you can.
Remove which one? (? for menu, Esc to cancel) < or
p - a ring of wizardry; > or
S - a ring of willpower You remove your ring of wizardry.
d - a ring of willpower (left hand)
Found a piece from Xom's chessboard (15/15).
You open the large door. 2 electric eels and a water elemental come into view.
The electric eel shoots out a bolt of lightning at you!
The bolt of electricity hits the water elemental.
The water elemental resists.
The bolt of electricity hits you.
The electric eel shoots out a bolt of lightning at you!
The bolt of electricity hits you.
You hear a shout!
The electric eel shoots out a bolt of lightning at you!
The bolt of electricity hits you!
The electric eel shoots out a bolt of lightning at you!
The bolt of electricity misses you.
You hear a shout!
You start resting.
A water elemental is nearby!
You hit the water elemental.
Your weapon exudes an aura of protection.
You bite the water elemental, but do no damage.
The water elemental is lightly damaged.
You hit the water elemental. You bite the water elemental! You drain its power.
You feel invigorated.
The water elemental is moderately damaged.
The water elemental hits you.
You barely miss the water elemental.
The water elemental is moderately damaged.
You hit the water elemental but do no damage.
You bite the water elemental. You drain its power.
The water elemental is heavily damaged.
The water elemental hits you.
The water elemental engulfs you in water!
You hit the water elemental but do no damage.
You bite the water elemental! You drain its power.
The water elemental is severely damaged.
Your lungs strain for air!
You can now pass through a line of other dancers.
You hit the water elemental. Your bite misses the water elemental.
The water elemental is almost destroyed.
Your lungs strain for air!
You block the water elemental's attack.
You barely miss the water elemental.
The water elemental is severely damaged.
Your lungs strain for air!
The water elemental hits you.
You hit the water elemental. Your bite misses the water elemental.
The water elemental is almost destroyed.
Your lungs strain for air!
You hit the water elemental but do no damage.
The water elemental is almost destroyed.
Your lungs strain for air!
The water elemental misses you.
You hit the water elemental but do no damage.
You bite the water elemental.
You destroy the water elemental!
The water engulfing you falls away.
You gasp with relief as air once again reaches your lungs.
Your Evocations skill increases to level 1!
You start resting.
HP restored.
You start resting.
Magic restored.
Aiming: Throw Flame
Press: ? - help, Shift-Dir - straight line, f - electric eel
Aim: an electric eel (48% to hit)
The puff of flame misses the electric eel.
The electric eel shoots out a bolt of lightning at you!
The bolt of electricity hits you!
Aiming: Throw Flame
Press: ? - help, Shift-Dir - straight line, f - electric eel, p - electric eel
Aim: an electric eel (48% to hit)
The puff of flame hits the electric eel.
The electric eel is moderately wounded.
The electric eel is engulfed in a cloud of scalding steam.
The electric eel shoots out a bolt of lightning at you!
The bolt of electricity hits the electric eel.
The electric eel completely resists.
The bolt of electricity hits you!
You hear a shout!
Aiming: Throw Flame
Press: ? - help, Shift-Dir - straight line, f/p - electric eel
Aim: an electric eel (steam, 48% to hit)
The puff of flame hits the electric eel!
You kill the electric eel!
The electric eel is engulfed in a cloud of scalding steam.
The electric eel shoots out a bolt of lightning at you!
The bolt of electricity misses you.
You hear a shout!
Aiming: Throw Flame
Press: ? - help, Shift-Dir - straight line, f/p - electric eel
Aim: an electric eel (heavily wounded, 48% to hit)
The puff of flame hits the electric eel.
The electric eel is almost dead.
The electric eel is engulfed in a cloud of scalding steam.
You kill the electric eel!
You start resting.
HP restored.
A kobold comes into view. It is wielding a +0 dagger.
The kobold throws a stone.
The stone barely misses you.
A kobold comes into view. It is wielding a +0 dagger.
There are monsters nearby!
You start resting.
A kobold is nearby!
A kobold is nearby!
A kobold comes into view.
It is wielding a +0 short sword and quivering poisoned darts.
The kobold shouts!
You hear a shout! x2
You hit the kobold.
Your weapon exudes an aura of protection.
The kobold is severely wounded.
The kobold hits you but does no damage.
You hit the kobold but do no damage.
The kobold is severely wounded.
You hit the kobold.
You kill the kobold!
The kobold throws a stone.
The stone hits you.
The kobold throws a poisoned dart.
The poisoned dart hits you!
The kobold throws a stone.
The stone hits you but does no damage.
A tengu conjurer comes into view.
You hit the kobold.
You kill the kobold! 2 kobolds come into view.
The kobold shouts!
You block the kobold's attack.
Items here: (( )) †.
You hit the kobold.
You kill the kobold!
A kobold brigand comes into view.
It is wielding a +0 whip and quivering curare-tipped darts.
Press: ? - help, v - describe, . - travel
Here: a tengu conjurer, wearing a +0 buckler Some shallow water.
Unknown command.
You start resting.
A tengu conjurer is nearby!
You closely miss the tengu conjurer. You closely miss the tengu conjurer.
Your bite misses the tengu conjurer. You block the tengu conjurer's attack.
The tengu conjurer pecks you but does no damage.
The tengu conjurer barely misses you. The tengu conjurer blocks your attack.
The tengu conjurer blocks your attack.
Your bite misses the tengu conjurer.
The tengu conjurer closely misses you. x2; The tengu conjurer claws you.
You miss the tengu conjurer. Your bite misses the tengu conjurer.
You hit the tengu conjurer.
Your weapon exudes an aura of protection.
Your bite misses the tengu conjurer.
The tengu conjurer is moderately wounded.
You block the tengu conjurer's attack. The tengu conjurer pecks you.
The tengu conjurer barely misses you.
You hit the tengu conjurer.
You bite the tengu conjurer, but do no damage.
The tengu conjurer is moderately wounded.
The kobold hits you but does no damage.
You hit the tengu conjurer.
The tengu conjurer is heavily wounded.
You block the tengu conjurer's attack. x2
The tengu conjurer barely misses you.
You closely miss the tengu conjurer.
The tengu conjurer is heavily wounded.
The kobold hits you with a +0 short sword.
You barely miss the tengu conjurer.
You bite the tengu conjurer, but do no damage.
The tengu conjurer is heavily wounded.
The tengu conjurer hits you but does no damage.
The tengu conjurer pecks you but does no damage.
You block the tengu conjurer's attack.
You closely miss the tengu conjurer. Your bite misses the tengu conjurer.
The tengu conjurer is heavily wounded.
You hit the tengu conjurer. You bite the tengu conjurer!
The tengu conjurer's magic leaks into the air.
You drain its magic.
The tengu conjurer is almost dead.
The kobold closely misses you.
The tengu conjurer hits you but does no damage.
The tengu conjurer pecks you but does no damage.
You block the tengu conjurer's attack.
You can now pass through a line of other dancers.
You hit the tengu conjurer but do no damage.
The tengu conjurer is almost dead.
The kobold hits you but does no damage.
You hit the tengu conjurer.
The tengu conjurer is almost dead.
The tengu conjurer barely misses you. The tengu conjurer closely misses you.
You block the tengu conjurer's attack.
You hit the tengu conjurer.
You kill the tengu conjurer!
The kobold brigand hits you but does no damage.
The kobold hits you but does no damage.
You closely miss the kobold brigand. Your bite misses the kobold brigand.
The kobold hits you but does no damage. The kobold brigand barely misses you.
You hit the kobold brigand.
The kobold brigand is lightly wounded.
The kobold hits you but does no damage.
You hit the kobold brigand.
The kobold brigand is lightly wounded.
The kobold brigand closely misses you. You block the kobold's attack.
You hit the kobold brigand but do no damage.
You bite the kobold brigand! You drain its power.
The kobold brigand is moderately wounded.
The kobold hits you but does no damage.
Uskayaw will force your foes to helplessly watch your dance.
Uskayaw prepares the audience for your solo!
The helpless kobold brigand fails to defend itself.
You stick the kobold brigand like a pincushion!!!
You kill the kobold brigand!
Things that are here:
a +0 whip; a curare-tipped dart The helpless kobold fails to defend itself.
You stick the kobold like a pincushion!!!
You kill the kobold!
The kobold is no longer paralysed.
The kobold hits you but does no damage.
Uskayaw will force your foes to share their pain.
You hit the kobold.
You kill the kobold!
You see here a +0 short sword.
E - 3 curare-tipped darts (gained 1)
You see here a +0 whip.
Things that are here:
a +0 short sword; a +0 buckler
M - 16 poisoned darts (gained 2)
Items here: ( )) †.
Things that are here:
a +0 dagger; a stone; a kobold corpse A basilisk comes into view.
The basilisk hisses angrily.
An electric eel comes into view.
There is a large open door here.
You can no longer pass through a line of other dancers.
Things that are here:
a +0 dagger; a stone; a kobold corpse
Items here: ( )) †.
Things that are here:
a +0 short sword; a +0 buckler You start waiting.
A basilisk is nearby!
The basilisk gazes at you. You resist with almost no effort.
Things that are here:
a +0 short sword; a +0 buckler You miss the basilisk.
You hit the basilisk.
Your weapon exudes an aura of protection.
The basilisk is lightly wounded.
The basilisk gazes at you. You resist with almost no effort.
You closely miss the basilisk. You bite the basilisk!
The basilisk's magic leaks into the air.
You drain its magic.
The basilisk is heavily wounded.
You closely miss the basilisk. You bite the basilisk.
The basilisk's magic leaks into the air.
You drain its magic.
The basilisk is heavily wounded.
The basilisk bites you!
You barely miss the basilisk.
The basilisk is heavily wounded.
You closely miss the basilisk.
The basilisk is heavily wounded.
The basilisk falters for a moment.
You hit the basilisk. Your bite misses the basilisk.
The basilisk is heavily wounded.
You can now pass through a line of other dancers.
You hit the basilisk but do no damage. Your bite misses the basilisk.
The basilisk is heavily wounded.
The basilisk closely misses you.
You closely miss the basilisk.
The basilisk is heavily wounded.
You block the basilisk's attack.
You closely miss the basilisk. Your bite misses the basilisk.
The basilisk is heavily wounded.
You hit the basilisk but do no damage. Your bite misses the basilisk.
The basilisk is heavily wounded.
The basilisk falters for a moment.
You hit the basilisk. Your bite misses the basilisk.
The basilisk is severely wounded.
You hit the basilisk. Your bite misses the basilisk.
The basilisk is almost dead.
The basilisk bites you.
You hit the basilisk but do no damage.
The basilisk is almost dead.
You barely miss the basilisk.
You bite the basilisk, but do no damage.
The basilisk is almost dead.
The basilisk bites you!
You hit the basilisk. You bite the basilisk.
You kill the basilisk!
You start resting.
HP restored.
You start resting.
Magic restored.
Things that are here:
a +0 short sword; a +0 buckler
Items here: ( )) ††.
Things that are here:
a +0 dagger; a stone; a kobold corpse The electric eel shoots out a bolt of lightning at you!
The bolt of electricity hits you.
Aiming: Throw Flame
Press: ? - help, Shift-Dir - straight line, f - electric eel
Aim: an electric eel (48% to hit)
A troll comes into view.
The troll shouts!
Things that are here:
a +0 dagger; a stone; a kobold corpse
Items here: ( )) ††.
You hit the troll.
Your weapon exudes an aura of protection.
The troll is lightly wounded.
The troll barely misses you.
The troll claws you but does no damage. x2
You hit the troll. You bite the troll! You drain its power.
The troll is moderately wounded.
You hit the troll.
The troll is moderately wounded.
The troll bites you but does no damage. The troll claws you but does no damage.
The troll claws you.
You puncture the troll! You bite the troll. You drain its power.
You feel invigorated.
The troll is severely wounded.
You can now pass through a line of other dancers.
You hit the troll. Your bite misses the troll.
The troll is severely wounded.
The troll closely misses you. x3
You hit the troll but do no damage. You bite the troll!
You kill the troll!
The troll leather armour is intact enough to wear.
Items here: ( ) [ ††.
Aiming: Throw Flame
Press: ? - help, Shift-Dir - straight line, f/p - electric eel
Aim: an electric eel (severely wounded, 53% to hit)
The puff of flame hits the electric eel.
The electric eel is almost dead.
The electric eel is engulfed in a cloud of scalding steam.
You kill the electric eel!
You hear a splash.
You start waiting.
A kobold comes into view. It is wielding a +0 short sword.
The kobold shouts!
A kobold comes into view. It is wielding a +0 short sword.
The kobold shouts!
A kobold brigand comes into view.
It is wielding a +0 dagger and quivering poisoned darts.
There is a large open door here.
The kobold brigand shouts!
You hear a shout!
A kobold comes into view.
It is wielding a +0 short sword and carrying a wand of acid (4).
The kobold throws a stone.
The stone hits you but does no damage.
The kobold throws a stone.
The stone hits you but does no damage.
Items here: ( ) [ ††.
Items here: ( )) ††.
Things that are here:
a +0 short sword; a +0 buckler You start waiting.
There are monsters nearby!
You hit the kobold.
Your weapon exudes an aura of protection.
The kobold is heavily wounded.
The kobold hits you but does no damage.
You hit the kobold. Your bite misses the kobold.
The kobold is severely wounded.
You closely miss the kobold. Your bite misses the kobold.
The kobold is severely wounded.
The kobold hits you but does no damage.
You closely miss the kobold. You bite the kobold.
You kill the kobold!
You barely miss the kobold. You bite the kobold.
You kill the kobold!
You closely miss the kobold. You miss the kobold. You bite the kobold.
You kill the kobold!
A kobold comes into view. It is wielding a +0 whip.
The kobold shouts!
You hear a shout!
The kobold brigand drinks a potion.
The kobold brigand seems to grow stronger.
Items here: $ ( ))) / [ ††.
A kobold comes into view. It is wielding a +0 dagger.
The kobold shouts!
The kobold brigand hits you with a +0 dagger.
Items here: ( )) ††.
You hit the kobold brigand.
Your weapon exudes an aura of protection.
The kobold brigand is moderately wounded.
The kobold brigand hits you but does no damage.
You can now pass through a line of other dancers.
You puncture the kobold brigand!
The kobold brigand is heavily wounded.
You hit the kobold brigand. You bite the kobold brigand! You drain its power.
You feel invigorated.
The kobold brigand is almost dead.
The kobold brigand hits you with a +0 dagger.
The kobold misses you.
Uskayaw will force your foes to helplessly watch your dance.
Uskayaw prepares the audience for your solo!
The helpless kobold brigand fails to defend itself.
You stick the kobold brigand like a pincushion!!!
You kill the kobold brigand!
The helpless kobold fails to defend itself.
You perforate the kobold like a sieve!!!
You kill the kobold!
Items here: ( )) [ ††.
The kobold is no longer paralysed.
You block the kobold's attack.
You hit the kobold.
You kill the kobold!
There is a large open door here.
Things that are here:
a +0 dagger; 2 stones
Items here: ( )) [ ††.
M - 19 poisoned darts (gained 3)
You now have 734 gold pieces (gained 17).
Things that are here:
a +0 dagger; a kobold corpse
Items here: ( )) ††.
N - a wand of acid (16) (gained 4 charges)
You now have 754 gold pieces (gained 20).
Items here: ( ))) [ ††.
Things that are here:
a +0 short sword; a +0 whip You can no longer pass through a line of other dancers.
Items here: ( ))) [ ††.
Items here: ( )) ††.
Things that are here:
a +0 dagger; a kobold corpse You see here a piece from Xom's chessboard (15/15).
Found a staircase to the Orcish Mines.
Found 4 javelins.
You see here 4 javelins.
h - 4 javelins
There is a large open door here.
Things that are here:
a +0 dagger; 2 stones An electric eel comes into view.
The electric eel shoots out a bolt of lightning at you!
The bolt of electricity hits you!
Aiming: Throw Flame
Press: ? - help, Shift-Dir - straight line, f - electric eel
Aim: an electric eel (53% to hit)
The puff of flame hits the electric eel.
The electric eel is lightly wounded.
An electric eel comes into view.
The electric eel is engulfed in a cloud of scalding steam.
The electric eel shoots out a bolt of lightning at you!
The bolt of electricity misses you.
Aiming: Throw Flame
Press: ? - help, Shift-Dir - straight line, f/p - electric eel
Aim: an electric eel (heavily wounded, 53% to hit)
The puff of flame hits the electric eel.
The electric eel is almost dead.
The electric eel is engulfed in a cloud of scalding steam.
You kill the electric eel!
You hear a splash.
You start resting.
Magic restored.
Aiming: Throw Flame
Press: ? - help, Shift-Dir - straight line, f - electric eel
Aim: an electric eel (53% to hit)
The electric eel is engulfed in a cloud of scalding steam.
You kill the electric eel!
You hear a splash.
A troll comes into view.
Found a stone staircase leading down.
The troll shouts!
The troll moves out of view.
You hit the troll.
Your weapon exudes an aura of protection.
The troll is lightly wounded.
The troll bites you but does no damage. The troll claws you but does no damage.
The troll claws you.
You hit the troll. You bite the troll, but do no damage.
The troll is lightly wounded.
You hit the troll.
The troll is lightly wounded.
The troll bites you but does no damage. You block the troll's attack.
The troll closely misses you.
You hit the troll. Your bite misses the troll.
The troll is lightly wounded.
The troll barely misses you. The troll claws you but does no damage.
The troll claws you.
You hit the troll. You bite the troll. You drain its power.
You feel invigorated.
The troll is heavily wounded.
You can now pass through a line of other dancers.
You closely miss the troll. You bite the troll. You drain its power.
The troll is heavily wounded.
The troll barely misses you. x2; You block the troll's attack.
You hit the troll.
The troll is heavily wounded.
You hit the troll.
The troll is severely wounded.
The troll bites you! The troll barely misses you. The troll claws you.
You hit the troll. Your bite misses the troll.
The troll is severely wounded.
You hit the troll but do no damage. Your bite misses the troll.
The troll is severely wounded.
The troll closely misses you. The troll claws you.
The troll claws you but does no damage.
You hit the troll but do no damage. You bite the troll! You drain its power.
You feel invigorated.
The troll is almost dead.
You hit the troll. You bite the troll.
You kill the troll!
The troll leather armour is intact enough to wear.
Uskayaw will force your foes to helplessly watch your dance.
You have reached level 12!
You feel agile.
HP restored.
Found a stone staircase leading up.
Things that are here:
a +0 troll leather armour; a troll corpse
Found a stone staircase leading down.
There is a large open door here.
Deactivating autopickup; reactivate with Ctrl-A.
You completely miss something. Your bite misses something.
Something hits you but does no damage. Something hits you but does no damage.
You can no longer pass through a line of other dancers.
You hit something but do no damage.
Your weapon exudes an aura of protection.
You bite something! You drain its power. Something hits you but does no damage.
You can now pass through a line of other dancers.
You hit something but do no damage. Something hits you but does no damage.
There is a large open door here.
Something hits you but does no damage. Something hits you.
Things that are here:
a +0 troll leather armour; a troll corpse Something hits you but does no damage. x2
Something hits you but does no damage.
You can no longer pass through a line of other dancers.
Things that are here:
a +0 troll leather armour; a troll corpse Something hits you but does no damage.
Something hits you. Something hits you but does no damage.
You hit something.
Your weapon exudes an aura of protection.
Your bite misses something. Something hits you.
You hit something. Something hits you but does no damage.
Something hits you but does no damage. x2
There is a fountain of clear blue water here.
You hit something but do no damage. Something hits you.
You swing at nothing.
You swing at nothing.
Something hits you but does no damage.
You swing at nothing.
You swing at nothing.
You swing at nothing.
Something completely misses you.
You swing at nothing.
You swing at nothing.
You hit something. You bite something. You drain its power.
You feel invigorated. Something hits you but does no damage.
You swing at nothing.
You swing at nothing.
You swing at nothing.
Something hits you but does no damage.
You hit something but do no damage. You bite something. You drain its power.
Something hits you but does no damage.
You closely miss something. Something hits you but does no damage.
You closely miss something. Something hits you but does no damage.
You swing at nothing.
You swing at nothing.
Something hits you but does no damage.
You miss something. Your bite misses something.
Something hits you but does no damage.
You closely miss something. You bite something! You drain its power.
You block something's attack.
You swing at nothing.
Something hits you but does no damage.
You hit something but do no damage. Your bite misses something.
Something hits you but does no damage.
You completely miss something. You bite something.
Reactivating autopickup.
You feel a bit more experienced.
You can now pass through a line of other dancers.
Your Dodging skill increases to level 4!
There is a large open door here.
Snorg the Insatiable comes into view.
Snorg shouts!
There is a large open door here.
Unknown command.
Throw: 3 darts (curare)
Press: ? - help, Q - select action, (/) - cycle Shift-Dir - straight line, f - Snorg
Aim: Snorg (63% to hit)
You throw a curare-tipped dart. The curare-tipped dart hits Snorg.
Snorg is poisoned.
Snorg convulses.
Snorg seems to slow down.
Snorg is lightly wounded.
Throw: 19 darts (poison)
Press: ? - help, Q - select action, (/) - cycle Shift-Dir - straight line, f/p - Snorg
Aim: Snorg (lightly wounded, very poisoned, slow, 63% to hit)
You throw a poisoned dart. The poisoned dart hits Snorg.
Snorg looks even sicker.
Snorg is lightly wounded.
Throw: 18 darts (poison)
Press: ? - help, Q - select action, (/) - cycle Shift-Dir - straight line, f/p - Snorg
Aim: Snorg (lightly wounded, very poisoned, slow, 63% to hit)
You throw a poisoned dart. The poisoned dart hits Snorg.
Snorg is lightly wounded.
Unknown command.
Throw: 17 darts (poison)
Press: ? - help, Q - select action, (/) - cycle Shift-Dir - straight line, f/p - Snorg
Aim: Snorg (lightly wounded, very poisoned, slow, 63% to hit)
You throw a poisoned dart. The poisoned dart hits Snorg.
Snorg looks as sick as possible!
Snorg is lightly wounded.
Throw: 16 darts (poison)
Press: ? - help, Q - select action, (/) - cycle Shift-Dir - straight line, f/p - Snorg
Aim: Snorg (lightly wounded, extremely poisoned, slow, 63% to hit)
You throw a poisoned dart. The poisoned dart hits Snorg.
Snorg is lightly wounded.
Unknown command.
Throw: 15 darts (poison)
Press: ? - help, Q - select action, (/) - cycle Shift-Dir - straight line, f/p - Snorg
Aim: Snorg (lightly wounded, extremely poisoned, slow, 63% to hit)
You throw a poisoned dart. The poisoned dart hits Snorg.
Snorg looks as sick as possible!
Snorg is lightly wounded.
Throw: 14 darts (poison)
Press: ? - help, Q - select action, (/) - cycle Shift-Dir - straight line, f/p - Snorg
Aim: Snorg (lightly wounded, extremely poisoned, slow, 63% to hit)
You throw a poisoned dart. The poisoned dart barely misses Snorg.
Unknown command.
Throw: 13 darts (poison)
Press: ? - help, Q - select action, (/) - cycle Shift-Dir - straight line, f/p - Snorg
Aim: Snorg (lightly wounded, extremely poisoned, slow, 63% to hit)
You throw a poisoned dart. The poisoned dart closely misses Snorg.
Snorg shakes off her lethargy.
Snorg goes berserk!
Unknown command.
Throw: 12 darts (poison)
Press: ? - help, Q - select action, (/) - cycle Shift-Dir - straight line, f/p - Snorg
Aim: Snorg (lightly wounded, berserk, extremely poisoned, 63% to hit)
You throw a poisoned dart. The poisoned dart hits Snorg.
Snorg is lightly wounded.
Unknown command.
You puncture Snorg!
Your weapon exudes an aura of protection.
Your bite misses Snorg.
Snorg is moderately wounded.
Snorg bites you! Snorg misses you. You block Snorg's attack.
You puncture Snorg! You bite Snorg! You drain her power.
You feel invigorated.
Snorg is moderately wounded.
Snorg barely misses you. Snorg closely misses you.
Snorg claws you but does no damage.
You hit Snorg.
Snorg is moderately wounded.
Snorg bites you but does no damage. Snorg claws you but does no damage.
Snorg claws you!
You hit Snorg. Your bite misses Snorg.
Snorg is moderately wounded.
Snorg closely misses you. Snorg claws you! Snorg claws you but does no damage.
You closely miss Snorg. Your bite misses Snorg.
Snorg is moderately wounded.
Snorg barely misses you. Snorg claws you but does no damage. x2
You closely miss Snorg.
Snorg is moderately wounded.
You barely miss Snorg. You bite Snorg. You drain her power.
You feel invigorated.
Snorg is moderately wounded.
Snorg bites you but does no damage. Snorg claws you! Snorg closely misses you.
You puncture Snorg! You bite Snorg! You drain her power.
You feel invigorated.
Snorg is heavily wounded.
Snorg bites you. Snorg claws you but does no damage. Snorg claws you!
You can now pass through a line of other dancers.
You hit Snorg.
Snorg is heavily wounded.
Snorg bites you. Snorg claws you but does no damage. Snorg claws you!
You puncture Snorg! You bite Snorg, but do no damage.
Snorg is heavily wounded.
Snorg bites you but does no damage. Snorg claws you but does no damage. x2
You hit Snorg but do no damage. You bite Snorg. You drain her power.
You feel invigorated.
Snorg is severely wounded.
You hit Snorg but do no damage.
Snorg is severely wounded.
Snorg bites you!!
* * * LOW HITPOINT WARNING * * *
Snorg claws you.
* * * LOW HITPOINT WARNING * * *
Snorg claws you but does no damage.
You hit Snorg. You bite Snorg! You drain her power.
You feel invigorated.
Snorg is severely wounded.
Snorg bites you!!
* * * LOW HITPOINT WARNING * * *
Snorg claws you!
You die...

Skill      XL: |  1  2  3  4  5  6  7  8  9 10 11 12 |
---------------+-------------------------------------+-----
Short Blades   | 2 3 4 5 7 9 10 | 10.0
Fighting       | 3 4 5 6 7 8 |  8.5
Shields        | 3 4 5 |  5.0
Invocations    | 2 5 7 8 |  8.9
Dodging        | 1 3 4 |  4.0
Armour         | 3 4 |  4.8
Stealth        | 1 5 |  5.6
Evocations     | 1 |  1.7

Action                     |  1- 3 |  4- 6 |  7- 9 | 10-12 || total
---------------------------+-------+-------+-------+-------++-------
  Melee: Rapier            |    29 |       |       |       ||    29
         Bite              |     9 |    50 |   150 |   236 ||   445
         Short sword       |    51 |   168 |   431 |   569 ||  1219
  Throw: Dart              |       |       |     4 |    19 ||    23
  Evoke: Wand              |       |       |     1 |    16 ||    17
    Use: Scroll            |       |     4 |     1 |       ||     5
         Potion            |       |       |     2 |       ||     2
   Stab: Sleeping          |     2 |       |     1 |       ||     3
         Paralysed         |       |       |     5 |    25 ||    30
 Armour: Scale mail        |     8 |       |       |       ||     8
         Leather armour    |    18 |    57 |   124 |    14 ||   213
         Chain mail        |       |       |       |   161 ||   161
  Dodge: Dodged            |    31 |    53 |   122 |   123 ||   329
         Repelled          |       |       |     3 |       ||     3
  Block: Buckler           |    15 |    40 |    58 |    73 ||   186

Levels and vault maps discovered:
D:1:      eino_arrival_water_cross, layout_rooms, serial_co_window_serial,
          co_window_corner_a, co_window_cross_1, co_window_paths_a,
          co_window_paths_b, co_window_of_opportunity_a, co_window_2corner,
          co_window_corner_cb, co_window_unsneaky_path_a,
          co_window_of_opportunity_b, co_window_paths_c, co_window_corner_b,
          co_window_broadway_a, co_window_paths_e, glass_columns_b,
          glass_columns_c
D:2:      layout_basic, minmay_vboxes
D:3:      layout_loops_ring
D:4:      layout_rooms, vehumet_altar_wand_db, gammafunk_temple_overflow_pools,
          minmay_pentomino_pile
D:5:      layout_rooms, grunt_temple_overflow_holy_war, serial_shops, shop,
          corexii_leaking_fountain, minmay_crystal_water
D:6:      layout_layer_cave, serial_shops, shop
D:7:      layout_cave_pools, minmay_temple_entry_wispy,
          gammafunk_ghost_wrathful_warriors, chequers_big_river, st_stairs_6,
          minmay_between, uniq_crazy_yiuf_cottage, uniq_maggie
D:8:      layout_rooms, amcnicky_mini_pool_small,
          chequers_serial_rivers_micro_a, uniq_amaemon
D:9:      layout_basic, nicolae_blasting_shop, uniq_pikel
D:10:     layout_roguey, erik_lair_island, serial_rivers,
          chequers_serial_rivers_micro_c, chequers_serial_rivers_micro_b,
          chequers_serial_rivers_micro_b, chequers_serial_rivers_micro_a
D:11:     kennysheep_big_flooded_room, layout_cave_pools, orc_0_dummy,
          hex_large, uniq_snorg
Temple:   sentei_temple_godly_chess

Notes
Turn   | Place    | Note
-------+----------+-------------------------------------------
     0 | D:1      | scionoferis the Vine Stalker Fighter began the quest for
                  | the Orb.
     0 | D:1      | Reached XP level 1. HP: 11/11 MP: 2/2
   130 | D:1      | Reached skill level 2 in Short Blades
   132 | D:1      | Reached XP level 2. HP: 16/16 MP: 3/3
   916 | D:2      | Reached skill level 3 in Fighting
   916 | D:2      | Reached skill level 3 in Shields
   916 | D:2      | Reached XP level 3. HP: 18/20 MP: 4/4
   959 | D:2      | Identified the +1 robe of the Planets {Int+3}
  1579 | D:2      | Reached skill level 3 in Short Blades
  1579 | D:2      | Gained mutation: Your natural rate of healing is unusually
                  | fast. [Vine Stalker growth]
  1579 | D:2      | Reached XP level 4. HP: 24/24 MP: 5/5
  2406 | D:4      | Found a radiant altar of Vehumet.
  2457 | D:4      | Reached XP level 5. HP: 28/28 MP: 6/6
  2608 | D:4      | Found a shadowy altar of Dithmenos.
  2608 | D:4      | Found a bloodstained altar of Trog.
  2781 | D:5      | Entered Level 5 of the Dungeon
  2833 | D:5      | Noticed a black bear
  2851 | D:5      | Killed a black bear
  2852 | D:5      | Reached skill level 4 in Short Blades
  2852 | D:5      | Reached XP level 6. HP: 33/33 MP: 7/7
  2862 | D:5      | Found Oggo Zuc's Jewellery Boutique.
  3025 | D:5      | Reached skill level 4 in Shields
  3072 | D:5      | Found a glowing golden altar of the Shining One.
  3074 | D:5      | Noticed an angel
  3095 | D:5      | Reached skill level 4 in Fighting
  3152 | D:5      | Found a basalt altar of Yredelemnul.
  3154 | D:5      | Noticed a profane servitor
  3226 | D:5      | Reached XP level 7. HP: 37/37 MP: 8/8
  3472 | D:6      | Reached skill level 5 in Short Blades
  4369 | D:6      | Gained mutation: You have razor-sharp teeth. [Vine Stalker
                  | growth]
  4369 | D:6      | Reached XP level 8. HP: 42/42 MP: 9/9
  4499 | D:6      | Found Welimas's Weapon Shop.
  4807 | D:6      | Reached skill level 6 in Short Blades
  4875 | D:6      | Reached skill level 5 in Fighting
  4875 | D:6      | Reached skill level 5 in Shields
  5045 | D:7      | Found a staircase to the Ecumenical Temple.
  5054 | Temple   | Entered the Ecumenical Temple
  5063 | Temple   | Became a worshipper of Uskayaw the Reveller
  5096 | D:7      | Noticed a hornet
  5119 | D:7      | Paralysed by a hornet for 2 turns
  5123 | D:7      | Reached * piety under Uskayaw
  5125 | D:7      | Killed a hornet
  5125 | D:7      | Reached ** piety under Uskayaw
  5126 | D:7      | Reached skill level 7 in Short Blades
  5397 | D:7      | Noticed Maggie
  5431 | D:7      | Reached *** piety under Uskayaw
  5435 | D:7      | Killed Maggie
  5436 | D:7      | Reached skill level 2 in Invocations
  5436 | D:7      | Reached XP level 9. HP: 48/48 MP: 9/11
  5436 | D:7      | Reached **** piety under Uskayaw
  5439 | D:7      | Reached ***** piety under Uskayaw
  5498 | D:7      | Reached skill level 6 in Fighting
  5550 | D:7      | Reached skill level 8 in Short Blades
  5550 | D:7      | Reached skill level 3 in Invocations
  5604 | D:7      | Found a transporter.
  5621 | D:7      | Found a transporter.
  5700 | D:7      | Noticed a moth of wrath
  5706 | D:7      | Found a bloodstained altar of Trog.
  5706 | D:7      | Noticed hwolsky's ghost (novice MiFi)
  5795 | D:7      | Found a runed translucent door.
  5796 | D:7      | Noticed Crazy Yiuf
  6012 | D:7      | Killed Crazy Yiuf
  6358 | D:8      | Reached skill level 4 in Invocations
  6511 | D:8      | Noticed Amaemon
  6512 | D:8      | Noticed an orange demon
  6526 | D:8      | Killed Amaemon
  6527 | D:8      | Reached skill level 5 in Invocations
  6531 | D:8      | Killed an orange demon
  6532 | D:8      | Reached skill level 9 in Short Blades
  6532 | D:8      | Reached XP level 10. HP: 35/53 MP: 13/15
  6630 | D:8      | Reached skill level 7 in Fighting
  6630 | D:8      | Reached skill level 6 in Invocations
  6934 | D:9      | Found Cofus's Demolitions Depot.
  7100 | D:9      | Reached skill level 1 in Dodging
  7142 | D:9      | Reached skill level 10 in Short Blades
  7142 | D:9      | Reached skill level 3 in Armour
  7142 | D:9      | Reached skill level 7 in Invocations
  7335 | D:9      | Reached skill level 1 in Stealth
  7361 | D:9      | Noticed a kobold demonologist
  7396 | D:9      | Noticed an orange demon
  7402 | D:9      | Killed a kobold demonologist
  7403 | D:9      | Reached XP level 11. HP: 52/58 MP: 15/17
  7405 | D:9      | Reached skill level 2 in Dodging
  7415 | D:9      | Reached skill level 2 in Stealth
  7487 | D:9      | Reached skill level 8 in Invocations
  7518 | D:9      | Noticed a two-headed ogre
  7531 | D:9      | Killed a two-headed ogre
  7532 | D:9      | Reached skill level 3 in Stealth
  7756 | D:9      | Noticed Pikel
  7770 | D:9      | Killed Pikel
  7858 | D:10     | Entered Level 10 of the Dungeon
  7957 | D:10     | Noticed a two-headed ogre
  7971 | D:10     | Killed a two-headed ogre
  7972 | D:10     | Reached skill level 8 in Fighting
  7972 | D:10     | Reached skill level 4 in Armour
  7972 | D:10     | Reached skill level 3 in Dodging
  8027 | D:10     | Reached skill level 4 in Stealth
  8113 | D:10     | Found a staircase to the Lair.
  8735 | D:11     | Reached skill level 5 in Stealth
  8813 | D:11     | Reached skill level 1 in Evocations
  9083 | D:11     | Found a staircase to the Orcish Mines.
  9168 | D:11     | Reached XP level 12. HP: 57/65 MP: 19/19
  9213 | D:11     | Reached skill level 4 in Dodging
  9221 | D:11     | Noticed Snorg
  9244 | D:11     | HP: 4/65 [Snorg (12)]
  9244 | D:11     | Mangled by Snorg

Vanquished Creatures
  2 two-headed ogres (D:9 D:10)
  Amaemon (D:8)
  Pikel (D:9)
  An orange demon (D:8)
  Maggie (D:7)
  An unseen horror (D:11)
  A kobold demonologist (D:9)
  A tengu conjurer (D:11)
  6 trolls (D:9 D:10 D:11)
  2 hornets (D:7 D:9)
  A wyvern (D:9)
  22 yaks (D:8 D:9 D:11)
  A water elemental (D:11)
  3 wraiths (D:9 D:10)
  A basilisk (D:11)
  A water moccasin (D:7)
  A black bear (D:5)
  2 orc warriors (D:8 D:10)
  A sky beast (D:7)
  A centaur (D:10)
  2 wolves (D:10)
  An ogre (D:6)
  A lemure (D:9)
  3 bullfrogs (D:8)
  6 kobold brigands (D:6 D:9 D:11)
  4 scorpions (D:5 D:6 D:7)
  3 gnoll sergeants (D:8 D:10)
  14 wights (D:6 D:7 D:8 D:10)
  12 electric eels (D:7 D:10 D:11)
  6 hounds (D:6 D:7 D:10)
  2 jellies (D:4 D:7)
  A gnoll bouda (D:10)
  Crazy Yiuf (D:7)
  3 orc priests (D:5 D:9 D:10)
  4 iguanas (D:5 D:6)
  A sleepcap (D:6)
  6 orc wizards (D:5 D:6 D:8 D:9 D:10)
  21 gnolls (D:6 D:7 D:8 D:10)
  9 adders (D:2 D:3 D:5 D:6)
  A white imp (D:6)
  3 ufetubi (D:4 D:5)
  A worm (D:4)
  3 dart slugs (D:1 D:2)
  18 orcs (D:4 D:5 D:7 D:8 D:9)
  3 ball pythons (D:1 D:4)
  6 endoplasms (D:2 D:4)
  4 giant cockroaches (D:1 D:2 D:3)
  9 goblins (D:1 D:2 D:3 D:4)
  4 hobgoblins (D:3 D:4)
  2 quokkas (D:4)
  2 bats (D:1 D:2)
  A frilled lizard (D:3)
  28 kobolds (D:1 D:2 D:4 D:6 D:9)
  5 rats (D:1 D:2 D:3)
241 creatures vanquished.

Vanquished Creatures (others)
  4 plants (D:7)
4 creatures vanquished.

Grand Total: 245 creatures vanquished

Table legend: (Time is in decaauts)
 A = Elapsed time spent in this place.
 B = Non-inter-level travel time spent in this place.
 C = Inter-level travel time spent in this place.
 D = Time resting spent in this place.
 E = Time spent auto-exploring this place.
 F = Levels seen in this place.
 G = Mean time per level.
                   A        B        C        D        E       F      G
               +--------+--------+--------+--------+--------+-----+--------+
         Total |   8869 |   8528 |    341 |    549 |   5565 |  12 |  739.1 |
       Dungeon |   8832 |   8499 |    333 |    533 |   5563 |  11 |  802.9 |
        Temple |     37 |     29 |      8 |     16 |      2 |   1 |   37.0 |
               +--------+--------+--------+--------+--------+-----+--------+

Top non-repeatable levels by time:
     D:6: 1307 daAuts
     D:7: 1078 daAuts
     D:9: 901 daAuts
     D:1: 897 daAuts
     D:5: 822 daAuts
     D:2: 778 daAuts
    D:10: 772 daAuts
     D:8: 711 daAuts
     D:3: 620 daAuts
    D:11: 473 daAuts
     D:4: 470 daAuts
  Temple: 37 daAuts

Table legend:
 A = Non-vault XP
 B = Vault XP
 C = Vault XP percentage of total XP
 D = Non-vault monster count
 E = Vault monster count
 F = Vault count percentage of total count
                 A         B        C        D         E       F
            +---------+---------+-------+---------+---------+-------
      Total |   15178 |    3651 |  19.4 |     216 |      24 |  10.0
            +---------+---------+-------+---------+---------+-------
        D:1 |      22 |       0 |   0.0 |      11 |       0 |   0.0
        D:2 |      45 |      16 |  26.2 |      13 |       3 |  18.8
        D:3 |      37 |       0 |   0.0 |       8 |       0 |   0.0
        D:4 |      87 |       8 |   8.4 |      18 |       5 |  21.7
        D:5 |     492 |       0 |   0.0 |      13 |       0 |   0.0
        D:6 |     861 |       0 |   0.0 |      23 |       0 |   0.0
        D:7 |     880 |     590 |  40.1 |      15 |       4 |  21.1
        D:8 |    2173 |    1169 |  35.0 |      28 |       2 |   6.7
        D:9 |    5382 |     629 |  10.5 |      32 |       1 |   3.0
       D:10 |    2406 |     727 |  23.2 |      29 |       7 |  19.4
       D:11 |    2793 |     512 |  15.5 |      26 |       2 |   7.1
            +---------+---------+-------+---------+---------+-------
